Unix NetHack Version 5.0.0-0 post-release - last build Jun 10 2026 00:39:30 (3ee93aec679c4c4259841fe613dc97188e26a321,branch:main).

Game began 2026-06-26 22:12:42, ended 2026-06-27 01:48:26.

Felix1, neutral male gnomish Wizard

         -------
         |..<..|
         |.....|
         |...^.|     ------
         |.(.... ####|....|
         |.[...|    #|....|
         -|-[---    #|....|
          # ###     #|....|
        ###   #     #|...[|
              #     #-.----
              ##########
                      ##
                     ##
                    #[
                    u#
  |               -.-@----
  |.........-     .......-
  |               |......|
                  --------

Felix1 the Thaumaturge    St:12 Dx:11 Co:17 In:19 Wi:11 Ch:10  Neutral
Dlvl:6  $:215 HP:0(55) Pw:17(58) AC:9  Xp:6 T:4639 

Latest messages:
 You don't have enough energy to cast that spell.
 You don't have enough energy to cast that spell.
 The Mordor orc hits!
 You hit the Mordor orc!
 You kill the Mordor orc!
 There is a doorway here.
 There are several objects here.
 The garter snake bites!
 You see the garter snake slither under an iron skull cap.
 The garter snake bites!
 You kill the garter snake!
 You see here a whistle.
 A garter snake was hidden under an iron skull cap!
 The garter snake bites!
 You kill the garter snake!
 There is a doorway here.
 There are several objects here.
 V - a marble wand.
 $ - 16 gold pieces (215 in total).
 You find a hidden passage.
 You see here a studded leather armor.
 You hit the Mordor orc.
 You hit the Mordor orc!
 You hit the Mordor orc!
 You kill the Mordor orc!
 There are several objects here.
 There is a Mordor orc corpse here; eat it? [ynq] (n) y
 This Mordor orc corpse is stringy.
 You finish eating the Mordor orc corpse.
 W - a tin.
 You see here a spellbook of healing.
 X - a spellbook of healing.
 The black unicorn butts!
 The black unicorn kicks!
 The black unicorn butts!
 The black unicorn kicks!
 The black unicorn butts!
 The black unicorn kicks!
 The black unicorn butts!
 The black unicorn kicks!
 The black unicorn butts!
 The black unicorn kicks!
 The black unicorn butts!
 The black unicorn kicks!
 Are you sure you want to pray? [yn] (n) y
 You begin praying to Thoth.
 The black unicorn butts!
 You die...
 Do you want your possessions identified? [ynq] (y) y
 Do you want to see your attributes? [ynq] (y) q

Inventory:
 Coins    ('$')
  $ - 215 gold pieces
 Weapons  (')')
  a - a blessed +1 quarterstaff (weapon in hands)
 Armor    ('[')
  b - an uncursed +0 cloak of magic resistance (being worn)
  O - an uncursed +0 mummy wrapping
 Comestibles  ('%')
  I - an uncursed food ration
  W - an uncursed tin of spinach
 Scrolls  ('?')
  E - an uncursed scroll of amnesia
  i - an uncursed scroll of confuse monster
  w - an uncursed scroll of genocide
  J - an uncursed scroll of gold detection
  g - 2 uncursed scrolls of identify
  k - an uncursed scroll of identify
  q - an uncursed scroll of identify
  B - an uncursed scroll of identify
  y - a cursed scroll of identify
  C - an uncursed scroll of magic mapping
  H - an uncursed scroll of punishment
  S - an uncursed scroll of scare monster
  P - an uncursed scroll of stinking cloud
 Spellbooks  ('+')
  x - an uncursed novel named Night Watch
  m - an uncursed spellbook of cause fear
  l - a blessed spellbook of force bolt
  X - an uncursed spellbook of healing
 Potions  ('!')
  h - an uncursed potion of blindness
  s - an uncursed potion of gain energy
  M - an uncursed potion of gain level
  L - 2 uncursed potions of healing
  f - an uncursed potion of invisibility
  o - a blessed potion of sickness
  t - an uncursed potion of water
 Rings    ('=')
  e - an uncursed ring of poison resistance (on right hand)
  d - an uncursed ring of searching (on left hand)
 Wands    ('/')
  Q - a wand of create monster (0:11)
  K - a wand of locking (0:8)
  V - a wand of magic missile (0:5)
  c - a wand of probing (0:5)
  r - a cursed wand of teleportation (0:6)
 Tools    ('(')
  v - an uncursed blindfold
  U - an uncursed blindfold
  n - a magic marker (0:21)
  N - a +0 pick-axe
 Gems/Stones  ('*')
  D - an uncursed fluorite stone

Felix1 the Wizard's attributes:

Background:
 You were a Thaumaturge, a level 6 male gnomish Wizard.
 You were neutral, on a mission for Thoth
 who was opposed by Ptah (lawful) and Anhur (chaotic).
 You were right-handed.
 You were in the Dungeons of Doom, on level 6.
 You entered the dungeon 4639 turns ago.
 It was nighttime.
 You had 577 experience points, 63 more were needed to attain level 7.

Basics:
 You had 0 out of 55 hit points.
 You had 17 out of 58 energy points (spell power).
 Your armor class was 9.
 Your wallet contained 215 zorkmids.
 Autopickup was off.

Final Characteristics:
 Your strength was 12 (limit:18/50).
 Your dexterity was 11 (limit:18).
 Your constitution was 17 (limit:18).
 Your intelligence was 19 (limit:19).
 Your wisdom was 11 (limit:18).
 Your charisma was 10 (limit:18).

Final Status:
 You weren't hungry.
 You were unencumbered.
 You were wielding a quarterstaff.
 You had basic skill with quarterstaff and could have enhanced that.

Final Attributes:
 You were piously aligned.
 You were magic-protected.
 You were poison resistant.
 You saw invisible.
 You were telepathic.
 You had automatic searching.
 You had infravision.
 You were warded.
 You are dead.

Miscellaneous:
 You didn't encounter any bones levels.
 Total elapsed playing time was 39 minutes and 59 seconds.

Major events:
 Turn
    1: Felix1 the neutral male gnomish Wizard entered the dungeon
  483: read a Discworld novel
  923: attained the rank of Conjurer (level 3)
 3601: entered the Gnomish Mines
 3976: attained the rank of Thaumaturge (level 6)
 4639: killed by a black unicorn, while praying

Spells:
 Name                 Level Category     Fail Retention
 force bolt             1   attack         0%   71%-80%
 cause fear             3   enchantment    0%   71%-80%

Skills:
 Fighting Skills
   bare handed combat [Unskilled]
   riding             [Unskilled]
 Weapon Skills
   dagger             [Unskilled]
   knife              [Unskilled]
   axe                [Unskilled]
   short sword        [Unskilled]
   club               [Unskilled]
   mace               [Unskilled]
   quarterstaff       [Basic]
   polearms           [Unskilled]
   spear              [Unskilled]
   trident            [Unskilled]
   sling              [Unskilled]
   dart               [Unskilled]
   shuriken           [Unskilled]
 Spellcasting Skills
   attack spells      [Basic]
   healing spells     [Unskilled]
   divination spells  [Unskilled]
   enchantment spells [Basic]
   clerical spells    [Unskilled]
   escape spells      [Unskilled]
   matter spells      [Unskilled]

Voluntary challenges:
 Character rerolling was not enabled.
 You never genocided any monsters.
 You never polymorphed an object.
 You never changed form.
 You used no wishes.
Achievements:
 You entered a shop.
 You read from a Discworld novel.
 You attained the rank of Conjurer.
 You entered the Gnomish Mines.
 You attained the rank of Thaumaturge.

 The Dungeons of Doom: levels 1 to 6
    Level 1:
    Level 2:
       A scroll shop.
    Level 3:
       A general store.
    Level 4:
       Stairs down to The Gnomish Mines.
    Level 5:
       A sink.
    Level 6: <- You were here.
       Final resting place for
          you, killed by a black unicorn, while praying.
 The Gnomish Mines:
    Level 5:


Vanquished creatures:
  a leprechaun
 an orc mummy
  2 dust vortices
  2 human zombies
  7 Mordor orcs
  a rock piercer
  a pony
  a yellow light
  3 shriekers
  a kobold mummy
  a straw golem
  4 giant ants
  2 floating eyes
  a kitten
  a dwarf
  2 homunculi
  4 rothes
  a rabid rat
  2 giant bats
  a wererat
  a werejackal
  2 iguanas
  2 acid blobs
  3 coyotes
  a hobbit
  2 hobgoblins
  a cave spider
  a green mold
  3 garter snakes
  4 geckos
  5 jackals
  a fox
  3 grid bugs
  3 bats
  3 lichens
  3 newts
77 creatures vanquished.

No species were genocided or became extinct.

Game over:
                       ----------
                      /          \
                     /    REST    \
                    /      IN      \
                   /     PEACE      \
                  /                  \
                  |      Felix1      |
                  |      215 Au      |
                  |   killed by a    |
                  |  black unicorn   |
                  |                  |
                  |                  |
                  |       2026       |
                 *|     *  *  *      | *
        _________)/\\_//(\/(/\)/\//\/|_)_______

Goodbye Felix1 the Wizard...

You died in The Dungeons of Doom on dungeon level 6 with 2752 points,
and 215 pieces of gold, after 4639 moves.
You were level 6 with a maximum of 55 hit points when you died.

